Map: Odyssey LE

Players

Apogee

  • Race: Terran Terran
  • Spawn Location: 11:00

Drunkenboi - Winner!

  • Race: Terran Terran
  • Spawn Location: 5:00

Event: WCS Montreal 2017

VOD

Have the link to the VOD?

Description

Time

  • Played on: Sept. 8, 2017, 11:26 a.m.
  • Length: 6:05

All games in this series

Show
View Real Time Build Order
Export as new Build Order

Apogee Terran 

Build Orders: Cyclone Opening 

Get SALT Encoding   

  12  0:02  SCV  
  13  0:14  SCV  
  13  0:18  Supply Depot  
  14  0:24  Refinery  
  14  0:29  SCV  
  15  0:41  SCV  
  16  0:48  Barracks  
  16  0:54  SCV  
  17  0:57  Refinery  
  17  1:06  SCV  
  18  1:18  SCV  
  19  1:30  SCV  
  20  1:36  Reaper  
  20  1:38  Factory  
  21  1:43  Orbital Command  
  21  1:53  Supply Depot  
  21  2:08  Reaper  
  22  2:09  SCV  
  23  2:21  SCV  
  24  2:29  Cyclone  
  27  2:32  Starport  
  27  2:40  SCV  
  28  2:47  Supply Depot  
  28  3:00  SCV  
  29  3:09  Cyclone, Medivac  
  34  3:13  SCV  
  35  3:20  Barracks Reactor  
  36  3:27  SCV  
  36  3:29  Command Center  
  33  3:59  SCV  
  33  4:00  Medivac  
  33  4:01  Factory Tech Lab  
  33  4:02  Marine x2  
  38  4:06  Barracks  
  38  4:09  Barracks  
  38  4:16  Engineering Bay  
  38  4:23  SCV  
  39  4:41  Orbital Command, Siege Tank, SCV  
  43  4:52  Marine x2  
  33  4:54  SCV  
  33  4:55  Barracks Tech Lab  
  33  4:58  Barracks Reactor  
  36  5:06  SCV  
  37  5:09  SCV  
  37  5:12  Marine x2  
  40  5:18  Starport Reactor, SCV  
  41  5:29  Marine  
  41  5:30  Siege Tank  
  41  5:32  SCV x2  
  47  5:39  Marine x3  
  47  5:40  Marine  
  51  5:44  SCV x2  
  51  5:46  Supply Depot  
  51  5:47  Marine  
  51  5:48  Supply Depot  
Show
View Real Time Build Order
Export as new Build Order

Drunkenboi Terran - Winner!

Build Orders: Cyclone Opening, Gas First Reaper Expand, Reaper Expand 

Get SALT Encoding   

  12  0:01  SCV  
  13  0:14  SCV  
  14  0:18  Supply Depot  
  14  0:26  SCV  
  15  0:29  Refinery  
  15  0:40  SCV  
  16  0:45  Barracks  
  16  0:52  SCV  
  17  1:04  SCV  
  18  1:16  SCV  
  19  1:31  Orbital Command  
  19  1:32  Reaper  
  20  1:44  Command Center  
  20  1:55  Factory  
  20  2:03  Supply Depot  
  20  2:07  Reaper  
  21  2:10  SCV  
  22  2:16  Refinery  
  22  2:22  SCV  
  22  2:34  SCV  
  23  2:39  Marine  
  23  2:42  Cyclone  
  27  2:46  SCV  
  28  2:56  Orbital Command  
  28  2:57  Marine  
  29  2:58  SCV  
  29  3:04  Starport  
  30  3:10  SCV  
  31  3:16  Engineering Bay  
  31  3:19  Marine  
  32  3:23  SCV  
  32  3:26  Cyclone  
  36  3:28  SCV  
  37  3:35  SCV  
  37  3:40  SCV  
  39  3:42  Marine  
  39  3:43  Viking  
  39  3:47  SCV  
  43  3:53  SCV  
  44  3:57  Supply Depot  
  44  4:00  Cyclone  
  46  4:04  Supply Depot  
  46  4:07  Barracks Reactor, SCV  
  46  4:18  Viking, Supply Depot, SCV  
  46  4:19  SCV  
  46  4:21  Supply Depot  
  50  4:31  SCV x2  
  51  4:33  Factory Tech Lab  
  52  4:44  SCV  
  53  4:49  SCV  
  53  4:52  Siege Tank, Marine x2  
  59  4:56  SCV  
  59  4:58  Refinery  
  59  4:59  Refinery  
  60  5:10  Command Center  
  60  5:14  Starport Reactor  
  60  5:21  Barracks, Barracks Tech Lab  
  60  5:25  Barracks  
  60  5:27  SCV  
  61  5:29  SCV  
  62  5:39  SCV  
  62  5:42  Marine  
  67  5:47  SCV  
  68  5:51  SCV  
  70  6:04  Supply Depot  
Tags
 
Add a new tag
Caveats
  • Supply blocks, unpowered buildings, or Contaminate may cause inaccurate times.
  • Supply counts are checked every 10 seconds.